AoeStats
← 一条固执的鱼

Nomad

505911317Analyzed
3v3 RM · 20d ago on Sep 11, 2026· 47m 33s· 6 players
Game mode
Random Map
Map size
210×210
Population
200
Speed
Normal
Resources
Standard
Victory
Conquest
Starting age
Dark Age
Ending age
Imperial Age
RankedLock teamsTeams togetherTeam positionsShared explorationLock speedFull tech treeHidden civsTurbo modeCheats
Victory
Defeat
🇹🇼 Mapuche · Taiwan
1314
+13
🇨🇳 Spanish · China
1306
+13
🇹🇼 Maya · Taiwan
1101
+30
🇨🇳 Portuguese · China
1250
-16
🇨🇳 Vietnamese · China
1243
-16
🇨🇳 Persians · China
1232
-16
一条固执的鱼
5:24 Loom
15:45 Feudal Age
20:54 Wheelbarrow
23:45 Castle Age
21:40 Gold Mining
21:40 Stone Mining
21:32 Horse Collar
22:23 Double-Bit Axe
26:14 Bow Saw
35:49 Imperial Age
34:26 Heavy Plow
34:56 Thumb Ring
34:53 Fletching
35:03 Padded Archer Armor
35:46 Hand Cart
36:10 Bodkin Arrow
36:31 Leather Archer Armor
36:51 Bloodlines
38:38 Stone Shaft Mining
38:39 Crop Rotation
38:33 Husbandry
39:23 Ballistics
40:03 Chemistry
39:56 Paper Money
39:39 Heavy Cavalry Archer
42:20 Bracer
42:50 Ring Archer Armor
809591945
4:47 Loom
12:49 Feudal Age
13:50 Town Watch
15:38 Double-Bit Axe
20:15 Forging
23:42 Castle Age
37:34 Horse Collar
41:19 Gold Mining
46:17 Imperial Age
沉着 冷静
8:08 Loom
13:13 Feudal Age
16:36 Castle Age
15:09 Double-Bit Axe
18:06 Bow Saw
19:22 Horse Collar
22:11 Heavy Plow
23:53 Scale Barding Armor
25:06 Fletching
34:05 Imperial Age
32:13 Chain Barding Armor
32:18 Town Watch
33:09 Wheelbarrow
32:31 Gold Mining
32:32 Stone Mining
33:28 Forging
33:40 Husbandry
34:32 Bloodlines
34:59 Iron Casting
35:28 Plate Barding Armor
34:21 Cavalier
35:27 Hand Cart
36:37 Blast Furnace
36:43 Conscription
36:40 Savar
42:31 Bodkin Arrow
46:58 Padded Archer Armor
clp0526
3:01 Loom
15:02 Feudal Age
19:59 Castle Age
21:23 Horse Collar
21:32 Double-Bit Axe
25:57 Heavy Plow
27:14 Bow Saw
26:54 Gold Mining
28:35 Town Watch
31:30 Wheelbarrow
33:52 Gold Shaft Mining
33:10 Stone Mining
32:41 Pikeman
32:41 Elite Skirmisher
34:00 Hand Cart
38:54 Imperial Age
37:14 Stone Shaft Mining
36:56 Forging
36:36 Fletching
37:07 Padded Archer Armor
37:30 Ballistics
37:21 Masonry
37:20 Malon
38:14 Iron Casting
39:08 Bodkin Arrow
38:57 Treadmill Crane
39:59 Leather Archer Armor
40:04 Butalmapu
41:11 Blast Furnace
40:28 Leather Archer Armor
40:54 Crop Rotation
40:52 Conscription
40:16 Halberdier
41:15 Scale Mail Armor
42:40 Scale Mail Armor
42:55 Leather Archer Armor
46:32 Chemistry
46:43 Chain Mail Armor
48:13 Plate Mail Armor
巨型大石頭
10:48 Loom
13:29 Feudal Age
14:16 Double-Bit Axe
19:02 Gold Mining
28:14 Fletching
28:24 Padded Archer Armor
29:39 Wheelbarrow
28:51 Fishing Lines
33:24 Castle Age
33:08 Arson
34:00 Forging
33:50 Scale Mail Armor
35:04 Hand Cart
35:22 Bodkin Arrow
35:42 Leather Archer Armor
34:49 Crossbowman
35:35 Thumb Ring
35:45 Town Watch
36:23 Squires
36:26 Elite Skirmisher
38:21 Bow Saw
39:42 Iron Casting
38:39 Eagle Warrior
42:30 Horse Collar
43:49 Ballistics
43:10 Treadmill Crane
43:53 Hul'che Javelineers
44:42 Murder Holes
45:58 Town Patrol
49:45 Imperial Age
48:25 Chain Mail Armor
951341856
6:46 Loom
14:00 Feudal Age
19:56 Castle Age
18:17 Double-Bit Axe
18:56 Horse Collar
20:23 Gold Mining
20:51 Medium Warships
23:50 Bow Saw
27:57 Padded Archer Armor
29:42 Wheelbarrow
28:52 Town Watch
33:16 Hand Cart
36:59 Imperial Age
35:15 Stone Mining
38:07 Conscription
37:49 Husbandry
38:01 Bloodlines
37:11 Cavalier
37:59 Scale Barding Armor
38:05 Forging
39:09 Two-Man Saw
38:28 Paladin
39:30 Chain Barding Armor
39:46 Iron Casting
41:08 Plate Barding Armor
41:34 Blast Furnace
Connection lost

Rejoining the realm…

Still unreachable

The connection could not be restored.

Session expired

The server has moved on; the page needs a fresh start.